 Dungeon Crawl Stone Soup version 0.32-a0-391-gce5c0aab1b (webtiles) character file.

Game seed: 9046649561082380699

742 zenocrate the Covert (level 7, -2/35 HPs)
             Began as a Vine Stalker Delver on Feb 20, 2024.
             Slain by a yak (7 damage)
             ... on level 4 of the Dungeon.
             The game lasted 00:04:04 (3229 turns).

zenocrate the Covert (Vine Stalker Delver)          Turns: 3229, Time: 00:04:04

Health: -2/35      AC:  6    Str: 14    XL:     7   Next: 76%
Magic:  0/8        EV: 12    Int: 10    God:
Gold:   216        SH:  0    Dex: 18    Spells: 6/6 levels left

rFire   + . .        a - +0 short sword
rCold   + . .        (no shield)
rNeg    . . .        b - +0 leather armour
rPois   +            r - +2 helmet
rElec   +            (no cloak)
rCorr   +            (no gloves)
SInv    .            (no boots)
Will    .....        (no amulet)
Stlth   ++++         (no ring)
HPRegen 1.05/turn    (no ring)
MPRegen 0.11/turn

%: guardian spirit
@: resistant
A: fangs 2, regeneration 1, magic shield, antimagic bite, no potion heal 2
a: no special abilities


You were on level 4 of the Dungeon.
You visited 1 branch of the dungeon, and saw 5 of its levels.

You collected 216 gold pieces.

Inventory:

Hand Weapons
 a - a +0 short sword (weapon)
Missiles
 q - 2 javelins
 t - 4 boomerangs
 u - 15 poisoned darts (quivered)
Armour
 b - a +0 leather armour (worn)
 r - a +2 helmet (worn)
Wands
 g - a wand of digging (3)
 j - a wand of roots (4)
 k - a wand of flame (18)
 l - a wand of acid (3)
Scrolls
 c - 2 scrolls of fog
 d - 2 scrolls of revelation
 e - a scroll of silence {unknown}
 h - 2 scrolls of noise {unknown}
 i - 3 scrolls of teleportation
 n - a scroll of enchant armour {unknown}
 v - a scroll of summoning {unknown}
 w - a scroll of immolation {unknown}
 x - a scroll of poison {unknown}
 y - 2 scrolls of identify {unknown}
 z - a scroll of blinking {unknown}
Potions
 o - 2 potions of ambrosia {unknown}
 p - a potion of degeneration {unknown}
 s - a potion of resistance


   Skills:
 + Level 2.6 Fighting
 + Level 6.0 Short Blades
 - Level 1.5 Dodging
 + Level 9.3 Stealth


You had 6 spell levels left.
You didn't know any spells.
Your spell library contained the following spells:

 Spells                   Type           Power      Damage    Failure   Level
 Scorch                   Fire           0%         2d5       58%         2
 Flame Wave               Conj/Fire      0%         2d4       99%         4
 Alistair's Intoxication  Alch           0%         N/A       100%        5
 Borgnjor's Vile Clutch   Necr/Erth      0%         N/A       100%        5
 Eringya's Noxious Bog    Alch           0%         4d6       100%        6
 Summon Cactus Giant      Summ           0%         N/A       100%        6


Dungeon Overview and Level Annotations

Branches:
Dungeon (5/15)             Temple (0/1) D:5

Altars:
Ru


Innate Abilities, Weirdness & Mutations

You have extremely sharp teeth.
Your natural rate of healing is unusually fast.
When hurt, damage is shared between your health and your magic reserves.
Your bite disrupts and absorbs the magic of your enemies.
Potions cannot restore your health.


Message History

The shadow imp is almost dead.
The shadow imp closely misses you.
The shadow imp laughs crazily.
There is a stone staircase leading down here.
The shadow imp shouts, "Give in, thou villainous dread-bolted mendicant!"
The shadow imp gestures at you. Pain shoots through your body!
There is a stone staircase leading up here.
HP restored.
The yak gores you!
You climb upwards.
There is a stone staircase leading down here.
You completely miss the yak. You bite the yak. You drain its power.
You feel invigorated.
The yak is lightly wounded.
The yak gores you!
You are too injured to fight recklessly!
You hit the yak but do no damage. You bite the yak. You drain its power.
You feel invigorated.
The yak is lightly wounded.
The yak gores you!
* * * LOW HITPOINT WARNING * * *
Unknown command.
Unknown command.
Okay, then.
Okay, then.
Okay, then.
Sorry, you're not good enough to have a special ability.
Unknown command.
It was a potion of resistance.
You feel protected. The yak gores you.
* * * LOW HITPOINT WARNING * * *
Unknown command.
Unknown command.
Aiming: Fastroot
Press: ? - help, Shift-Dir - straight line The roots erupt in riotous growth!
Roots grab the yak.
The grasping roots constrict the yak.
The yak gores you!
You die...

##..##........##...####
#......................
#........##...##.......
#........##+####(..##.#
##..##...#..>.##...##.#
##..##...#............#
#...#....#............#
#...#>Y.†##..###.####.#
##..##@.<##'####+####.#
#####............#....
#.<†..........#....
#..)..........#....
#.............#....
###################


You could see a yak (rooted).

Vanquished Creatures
  Edmund (D:4)
  An ogre (D:2)
  2 scorpions (D:4)
  2 bombardier beetles (D:4)
  A hound (D:5)
  A sleepcap (D:4)
  2 iguanas
  A mummy (D:4)
  Robin (D:3)
  8 adders
  3 ribbon worms
  A dart slug (D:4)
  7 orcs
  6 bats
  9 endoplasms
  A giant cockroach (D:1)
  2 hobgoblins
  A kobold (D:4)
  3 quokkas
  12 ball pythons
  3 frilled lizards
  13 goblins
  2 hobgoblin zombies (D:4)
  2 kobold zombies (D:4)
  6 rats
91 creatures vanquished.

Notes
Turn   | Place    | Note
-------+----------+-------------------------------------------
     0 | D:5      | zenocrate the Vine Stalker Delver began the quest for the
                  | Orb.
     0 | D:5      | Reached XP level 1. HP: 11/11 MP: 2/2
    67 | D:5      | Reached XP level 2. HP: 12/16 MP: 3/3
   148 | D:5      | Noticed Edmund
   149 | D:5      | Noticed a yak
   150 | D:5      | Noticed a yak
   172 | D:5      | Found a staircase to the Ecumenical Temple.
   193 | D:5      | Noticed a yak
   194 | D:5      | Noticed a yak
   239 | D:5      | Reached XP level 3. HP: 18/19 MP: 2/4
   273 | D:5      | Reached skill level 7 in Stealth
   273 | D:5      | Reached XP level 4. HP: 10/23 MP: 2/5
   452 | D:4      | Reached XP level 5. HP: 19/27 MP: 4/6
   588 | D:4      | Reached skill level 8 in Stealth
   654 | D:3      | Reached XP level 6. HP: 32/32 MP: 7/7
   896 | D:3      | Noticed Robin
   913 | D:3      | Killed Robin
  1852 | D:2      | Found a faded altar of an unknown god.
  1856 | D:2      | Found a sacrificial altar of Ru.
  2248 | D:2      | Reached skill level 5 in Short Blades
  2599 | D:3      | Reached XP level 7. HP: 35/35 MP: 8/8
  2832 | D:4      | Killed Edmund
  2833 | D:4      | Reached skill level 9 in Stealth
  3229 | D:4      | Slain by a yak

Illustrated notes

Levels and vault maps discovered:
D:1:      shiori_shiawase, layout_basic, chequers_serial_rivers_small_3,
          chequers_serial_rivers_micro_b
D:2:      layout_basic, basic_ecumenical_altar, basic_altar
D:3:      layout_basic, gammafunk_temple_overflow_pools, uniq_robin,
          uniq_crazy_yiuf_cottage, uniq_pargi
D:4:      layout_gridville, kennysheep_cross_bottleneck, minmay_mini_ossuary
D:5:      layout_cave_pods, minmay_temple_entry_crystal_x, nrook_uturn,
          grunt_ministairs_15, uniq_edmund

Skill      XL: |  1  2  3  4  5  6  7 |
---------------+----------------------+-----
Short Blades   | 2 3 4 5 6 |  6.0
Stealth        | 7 8 9 |  9.3
Fighting       | |  2.6
Dodging        | |  1.5

Action                     |  1- 3 |  4- 6 |  7- 9 || total
---------------------------+-------+-------+-------++-------
  Melee: Short sword       |    27 |   157 |    75 ||   259
         Bite              |     5 |    43 |    25 ||    73
  Evoke: Wand              |     1 |     2 |     7 ||    10
    Use: Scroll            |     1 |     1 |     2 ||     4
         Potion            |       |       |     2 ||     2
   Stab: Sleeping          |       |    22 |     8 ||    30
 Armour: Leather armour    |    38 |    61 |    43 ||   142
  Dodge: Dodged            |    31 |    76 |    37 ||   144

Table legend: (Time is in decaauts)
 A = Elapsed time spent in this place.
 B = Non-inter-level travel time spent in this place.
 C = Inter-level travel time spent in this place.
 D = Time resting spent in this place.
 E = Time spent auto-exploring this place.
 F = Levels seen in this place.
 G = Mean time per level.
                   A        B        C        D        E       F      G
               +--------+--------+--------+--------+--------+-----+--------+
         Total |   3166 |   3014 |    152 |      3 |   2279 |   5 |  633.2 |
       Dungeon |   3166 |   3014 |    152 |      3 |   2279 |   5 |  633.2 |
               +--------+--------+--------+--------+--------+-----+--------+

Top non-repeatable levels by time:
     D:1: 728 daAuts
     D:3: 675 daAuts
     D:4: 652 daAuts
     D:2: 642 daAuts
     D:5: 467 daAuts
